 Dungeon Crawl Stone Soup version 0.24-a0-507-g3e8b242632 (webtiles) character file.

Game seed: 17145378849877277718

8543 Peloso the Blocker (level 11, 0/94 HPs)
             Began as a Minotaur Fighter on July 19, 2019.
             Was a Priest of Okawaru.
             Killed by mirror damage (7 damage)
             ... on level 10 of the Dungeon.
             The game lasted 00:21:24 (9713 turns).

Peloso the Blocker (Minotaur Fighter)               Turns: 9713, Time: 00:21:25

Health: 0/94       AC: 20    Str: 27    XL:     11   Next: 11%
Magic:  19/19      EV:  8    Int:  5    God:    Okawaru [***...]
Gold:   142        SH: 14    Dex: 12    Spells: 10/10 levels left

rFire    + . .     SeeInvis .   a - +0 long sword
rCold    + . .     Gourm    .   c - +1 shield {rF+}
rNeg     . . .     Faith    .   C - +0 plate armour "Kirphoug" {rF+} (curse)
rPois    .         Spirit   .   (helmet restricted)
rElec    .         Reflect  .   x - +1 cloak
rCorr    .         Harm     .   y - +0 pair of gloves
MR       .....                  B - +0 pair of boots (curse)
Stlth    ..........             (no amulet)
HPRegen  0.25/turn              j - ring of ice
MPRegen  0.16/turn              D - ring of magical power

@: mighty
A: retaliatory headbutt, horns 2
a: Heroism, Renounce Religion


You were on level 10 of the Dungeon.
You worshipped Okawaru.
Okawaru was most pleased with you.
You were hungry.

You visited 2 branches of the dungeon, and saw 12 of its levels.
You also visited: Sewer.

You collected 646 gold pieces.
You spent 504 gold pieces at shops.

Inventory:

Hand Weapons
 a - a +0 long sword (weapon)
Armour
 b - a +0 scale mail
 c - a +1 shield of fire resistance (worn)
 x - a +1 cloak (worn)
 y - a +0 pair of gloves (worn)
 B - a cursed +0 pair of boots (worn)
 C - the cursed +0 plate armour "Kirphoug" (worn) {rF+}
   (You bought it in a shop on level 7 of the Dungeon)

   It protects you from fire.
   It has a curse placed upon it.
Jewellery
 j - a ring of ice (left hand)
 D - a ring of magical power (right hand)
Wands
 t - a wand of iceblast (13)
 A - a wand of digging (15)
 E - a wand of random effects (17)
Scrolls
 h - 12 scrolls of identify {unknown}
 i - 3 scrolls of magic mapping {unknown}
 k - a scroll of fog {unknown}
 l - 2 scrolls of blinking {unknown}
 m - 13 scrolls of remove curse {unknown}
 s - 8 scrolls of teleportation {unknown}
 u - a scroll of enchant armour {unknown}
 w - a scroll of enchant weapon {unknown}
Potions
 e - 5 potions of heal wounds {unknown}
 n - 2 potions of cancellation {unknown}
 o - 3 potions of agility {unknown}
 p - 2 potions of mutation {unknown}
 q - 4 potions of curing
 r - 3 potions of berserk rage {unknown}
 v - 3 potions of flight {unknown}
 z - 2 potions of lignification {unknown}
Miscellaneous
 g - a sack of spiders
Comestibles
 f - 22 rations


   Skills:
 + Level 8.2 Fighting
 + Level 11.4 Long Blades
 + Level 10.3 Armour
 + Level 2.2 Dodging
 + Level 0.2 Stealth
 + Level 12.2 Shields


You had 10 spell levels left.
You didn't know any spells.
Your spell library contained the following spells:

 Spells                   Type           Power        Failure   Level  Hunger
 Animate Skeleton         Necr           N/A          100%        1    ##.....
 Apportation              Tloc           #.....       100%        1    ##.....
 Confusing Touch          Hex            #.....       100%        1    ##.....
 Sandblast                Erth           #.....       100%        1    ##.....
 Summon Small Mammal      Summ           #...         100%        1    ##.....
 Song of Slaying          Chrm           #.......     100%        2    ###....
 Swiftness                Chrm/Air       #.......     100%        2    ###....
 Spectral Weapon          Hex/Chrm       #.......     100%        3    ####...
 Stone Arrow              Conj/Erth      #.....       100%        3    ####...
 Leda's Liquefaction      Hex/Erth       #.........   100%        4    #####..
 Excruciating Wounds      Chrm/Necr      #.........   100%        5    ######.


Dungeon Overview and Level Annotations

Branches:
Dungeon (11/15)            Temple (1/1) D:6            Lair (0/6) D:10
    Orc: D:9-12

Altars:
Ashenzari
Cheibriados
Dithmenos
Elyvilon
Fedhas
Gozag
Hepliaklqana
Kikubaaqudgha
Makhleb
Nemelex Xobeh
Okawaru
Qazlal
Ru
Sif Muna
Trog
Uskayaw
Vehumet
Wu Jian
Xom
Yredelemnul
Zin
The Shining One

Shops:
D:7 [

Annotations:
D:4 exclusion: statue
D:11 Erica


Innate Abilities, Weirdness & Mutations

You reflexively headbutt those who attack you in melee.
You have a pair of horns on your head.


Message History

You slice the death knight!!
The death knight is moderately wounded.
The death knight hits you but does no damage.
You hit the death knight.
The death knight is moderately wounded.
You block the death knight's attack.
You hit the death knight.
The death knight is moderately wounded.
You slash the death knight! You headbutt the death knight!!
The death knight is heavily wounded.
The death knight offers itself to Yredelemnul, and fills with unholy energy.
You slash the death knight!
The death knight is severely wounded.
The death knight reflects your damage back at you!
The death knight hits you with a +2 great mace!!
* * * LOW HITPOINT WARNING * * *
You slash the death knight! Your headbutt misses the death knight.
The death knight is severely wounded.
The death knight reflects your damage back at you!
You die...

.......## ####.####..####...<...
........## ##.......##..........
.........## #........##..........
..#.......####.###....#..........
####......#....(###.).#..##......
# ##....#......(####......##.....
###()####..####(.#.....#####.....
#.((# #..#####........#####.##.
##..## #...#.##@.......##.##....
##...###.....Kp#................
#......#.....K##..........#.###.
##...........(.K.####.........#.
###..............#..........###
##.................>........#
###........................#
##........................
##.......................


You could see a death knight and 2 kobolds.

Vanquished Creatures
  A two-headed ogre (D:10)
  2 trolls
  A hornet (D:10)
  A hippogriff (D:8)
  2 wyverns
  A yak (D:8)
  3 hogs (D:8)
  6 humans (D:8)
  A hungry ghost (D:10)
  A soldier ant (D:10)
  A water moccasin (D:8)
  A sky beast (D:7)
  A black bear (D:7)
  An eye of draining (D:8)
  An ice beast (D:6)
  6 orc warriors
  A phantom (D:10)
  6 ogres
  5 centaurs
  A crocodile (D:8)
  7 bullfrogs
  2 big kobolds
  3 scorpions
  A wyvern skeleton (D:10)
  13 killer bees
  4 howler monkeys
  2 bullfrog zombies (D:5)
  5 hounds
  A quasit (D:10)
  A centaur zombie (D:5)
  2 crimson imps
  A jelly (D:7)
  9 orc wizards
  3 orc priests (D:6)
  A gnoll shaman (D:10)
  A bullfrog skeleton (D:10)
  3 centaur skeletons
  Jessica (D:3)
  4 iguanas
  Terence (D:2)
  Ijyb (D:3)
  5 worker ants
  A hound skeleton (D:6)
  A mummy (D:6)
  A howler monkey skeleton (D:9)
  20 adders
  7 gnolls
  2 river rats
  A shadow imp (D:8)
  An adder skeleton (D:9)
  3 worms
  A dart slug (D:4)
  7 leopard geckos
  42 orcs
  5 giant cockroaches
  2 goblins
  9 hobgoblins
  9 jackals
  3 quokkas
  5 ball pythons
  6 bats
  4 frilled lizards
  A giant cockroach zombie (D:5)
  13 kobolds
  A kobold zombie (D:6)
  A leopard gecko zombie (D:7)
  3 orc zombies (D:6)
  A quokka skeleton (D:5)
  5 rats
269 creatures vanquished.

Notes
Turn   | Place    | Note
-------+----------+-------------------------------------------
     0 | D:1      | Peloso the Minotaur Fighter began the quest for the Orb.
     0 | D:1      | Reached XP level 1. HP: 19/19 MP: 0/0
   106 | D:1      | Reached XP level 2. HP: 20/27 MP: 1/1
   257 | D:1      | Reached skill level 4 in Shields
   325 | D:1      | Reached XP level 3. HP: 28/33 MP: 2/2
  1051 | D:2      | Noticed Terence
  1059 | D:2      | Killed Terence
  1059 | D:2      | Reached XP level 4. HP: 40/40 MP: 3/3
  1436 | D:2      | Found a deep blue altar of Sif Muna.
  1547 | D:3      | Found a snail-covered altar of Cheibriados.
  1647 | D:3      | Noticed Jessica
  1665 | D:3      | Killed Jessica
  1665 | D:3      | Reached skill level 5 in Armour
  1719 | D:3      | Noticed Ijyb
  1726 | D:3      | Killed Ijyb
  1726 | D:3      | Reached XP level 5. HP: 41/46 MP: 4/4
  1776 | D:3      | Found a shimmering altar of Xom.
  1965 | D:4      | Found a radiant altar of Vehumet.
  1965 | D:4      | Noticed a charred statue
  2030 | D:4      | Reached skill level 5 in Shields
  2373 | D:4      | Reached XP level 6. HP: 49/53 MP: 5/5
  2829 | D:5      | Entered Level 5 of the Dungeon
  2837 | D:5      | Reached skill level 6 in Shields
  2925 | D:5      | Reached skill level 5 in Long Blades
  2925 | D:5      | Reached XP level 7. HP: 47/60 MP: 6/6
  3045 | D:5      | Reached skill level 7 in Shields
  3109 | D:5      | Found a glowing drain.
  3122 | Sewer    | Entered a sewer
  3376 | Sewer    | Found a white marble altar of Elyvilon.
  3680 | D:5      | Found a stormy altar of Qazlal.
  3767 | D:6      | Reached skill level 5 in Fighting
  4135 | D:6      | Reached XP level 8. HP: 40/68 MP: 7/7
  4505 | D:6      | Reached skill level 1 in Dodging
  4630 | D:6      | Found a staircase to the Ecumenical Temple.
  4643 | Temple   | Entered the Ecumenical Temple
  5156 | D:6      | Noticed a troll
  5170 | D:6      | Killed a troll
  5170 | D:6      | Reached skill level 8 in Shields
  5387 | D:7      | Found Goles's Antique Armour Shop.
  5439 | D:6      | Reached XP level 9. HP: 13/75 MP: 8/8
  5891 | D:7      | Reached skill level 9 in Shields
  6543 | D:7      | Found an iron altar of Okawaru.
  6546 | D:7      | Became a worshipper of Warmaster Okawaru
  6607 | D:8      | Reached skill level 10 in Shields
  6823 | D:7      | Reached XP level 10. HP: 55/86 MP: 9/9
  7028 | D:8      | Reached * piety under Okawaru
  7137 | D:8      | Reached skill level 11 in Shields
  7196 | D:8      | Reached skill level 10 in Long Blades
  7255 | D:8      | Identified the Tome of Boosting Earth
  7495 | D:8      | Reached ** piety under Okawaru
  7641 | D:8      | Found a glowing silver altar of Zin.
  7763 | D:7      | Bought a faintly humming plate armour for 504 gold pieces
  7776 | D:7      | Identified the cursed +0 plate armour "Kirphoug" {rF+} (You
                  | bought it in a shop on level 7 of the Dungeon)
  8222 | D:9      | Found a shimmering altar of Xom.
  8227 | D:9      | Found a shimmering altar of Xom.
  8227 | D:9      | Found a shimmering altar of Xom.
  8227 | D:9      | Found a shimmering altar of Xom.
  8227 | D:9      | Found a shimmering altar of Xom.
  8227 | D:9      | Found a shimmering altar of Xom.
  8227 | D:9      | Found a shimmering altar of Xom.
  8228 | D:9      | Found a shimmering altar of Xom.
  8228 | D:9      | Found a shimmering altar of Xom.
  8322 | D:9      | Found a shimmering altar of Xom.
  8669 | D:9      | Found a faded altar of an unknown god.
  8669 | D:9      | Found a bloodstained altar of Trog.
  8674 | D:9      | Found a sparkling altar of Nemelex Xobeh.
  8681 | D:9      | Found a shattered altar of Ashenzari.
  8682 | D:9      | Found a sacrificial altar of Ru.
  8839 | D:10     | Entered Level 10 of the Dungeon
  9019 | D:10     | Reached skill level 10 in Armour
  9257 | D:10     | Reached *** piety under Okawaru
  9291 | D:10     | Reached skill level 12 in Shields
  9322 | D:10     | Noticed a two-headed ogre
  9336 | D:10     | Killed a two-headed ogre
  9336 | D:10     | Reached XP level 11. HP: 79/94 MP: 10/10
  9615 | D:10     | Found a staircase to the Lair.
  9683 | D:11     | Noticed a death knight
  9684 | D:11     | Noticed Erica
  9713 | D:10     | Killed by mirror damage

Levels and vault maps discovered:
D:1:      nicolae_arrival_washed_ashore, layout_rooms
D:2:      layout_loops_ring, lemuel_blue_sif_altar, uniq_terence
D:3:      layout_basic, cheibriados_altar_1, lemuel_coloured_pillars_altar,
          fountainhead, uniq_ijyb, uniq_jessica
D:4:      layout_rooms, vehumet_statue
D:5:      layout_rooms, lemuel_round_altar, lightli_sewer_entry_pipes,
          first_ration
D:6:      layout_loops_cross, minmay_temple_entry_overgrown, minivault_23,
          minmay_mini_ossuary
D:7:      layout_rooms, kennysheep_mini, serial_shops, shop
D:8:      layout_rooms, zin_treasury, grunt_livestock, minmay_ruffians
D:9:      layout_loops_corners, chequers_temple_overflow_minitemple,
          grunt_decor_fettered, xom_redecorated
D:10:     layout_cave_pools, lair_entry_dummy, kennysheep_generic_room_9
D:11:     layout_long_grid, serial_park_tiny_1, uniq_erica
Temple:   minmay_temple_curvy_loop

Skill      XL: |  1  2  3  4  5  6  7  8  9 10 |
---------------+-------------------------------+-----
Armour         | 4 5 6 7 8 10 | 10.3
Shields        | 4 5 6 7 8 10 12 | 12.2
Fighting       | 4 5 6 7 8 |  8.2
Long Blades    | 3 4 5 6 8 9 11 | 11.4
Dodging        | 1 2 |  2.2
Stealth        | |  0.2

Action                   |  1- 3 |  4- 6 |  7- 9 | 10-12 || total
-------------------------+-------+-------+-------+-------++-------
Melee: Long sword        |    80 |   137 |   545 |   413 ||  1175
       Headbutt          |    16 |    24 |    96 |   104 ||   240
Invok: Heroism           |       |       |       |     2 ||     2
Evoke: Wand              |       |       |       |     1 ||     1
  Use: Potion            |       |       |     1 |     1 ||     2
  Eat: Chunk             |       |     6 |    10 |    10 ||    26
       Ration            |       |       |     1 |     1 ||     2
Armor: Plate armour      |    59 |   106 |   286 |   201 ||   652
       Scale mail        |     7 |       |       |       ||     7
Dodge: Dodged            |    16 |    27 |   126 |    86 ||   255
Block: Shield            |    42 |   109 |   398 |   316 ||   865
       Rpst.: Long sword |     2 |     4 |    34 |    20 ||    60

Table legend:
 A = Non-vault XP
 B = Vault XP
 C = Vault XP percentage of total XP
 D = Non-vault monster count
 E = Vault monster count
 F = Vault count percentage of total count
                 A         B        C        D         E       F
            +---------+---------+-------+---------+---------+-------
      Total |    9933 |    2272 |  18.6 |     236 |      33 |  12.3
            +---------+---------+-------+---------+---------+-------
        D:1 |      42 |       0 |   0.0 |      25 |       0 |   0.0
        D:2 |      40 |      36 |  47.4 |       8 |       1 |  11.1
        D:3 |      36 |      72 |  66.7 |      11 |       2 |  15.4
        D:4 |     376 |       0 |   0.0 |      14 |       0 |   0.0
        D:5 |     374 |      84 |  18.3 |      12 |       7 |  36.8
        D:6 |    1386 |      22 |   1.6 |      36 |       5 |  12.2
        D:7 |    2073 |       0 |   0.0 |      35 |       0 |   0.0
        D:8 |    1717 |    1947 |  53.1 |      38 |      10 |  20.8
        D:9 |     617 |       0 |   0.0 |      13 |       0 |   0.0
       D:10 |    3180 |       0 |   0.0 |      42 |       0 |   0.0
       D:11 |      92 |       0 |   0.0 |       2 |       0 |   0.0
      Sewer |       0 |     111 | 100.0 |       0 |       8 | 100.0
            +---------+---------+-------+---------+---------+-------
